[Event "Late-Titled-Tuesday-Blitz-October-24-2023"]
[Site "Chess.com"]
[Date "2023.10.24"]
[Round "4"]
[White "The_Princess_Moon"]
[Black "WPWPWP-2015"]
[Result "0-1"]
[WhiteElo "2350"]
[BlackElo "2581"]
[TimeControl "180+1"]
[EndTime "14:39:34 PDT"]
[Termination "WPWPWP-2015 won on time"]

1. e4 c5 2. Nf3 d6 3. c3 Nf6 4. h3 a6 5. Bd3 e6 6. Bc2 Be7 7. O-O c4 8. a4 O-O 9. Qe2 Qc7 10. Na3 d5 11. e5 Nfd7 12. Re1 Nc6 13. d3 b5 14. a5 Nc5 15. d4 Nd3 16. Bxd3 cxd3 17.
Qxd3 Nxa5 18. Bg5 Nc4 19. Nxb5 Qd7 20. Bxe7 Qxe7 21. Nd6 Nxd6 22. exd6 Qxd6 23. Ng5 g6 24.
Nf3 Bd7 25. Ne5 Bb5 26. Qe3 f6 27. Nd3 Rae8 28. Nc5 e5 29. Qd2 f5 30. Nd3 e4 31.
Ne5 f4 32. b3 f3 33. g3 Rxe5 34. dxe5 Qxe5 35. Qd4 Qh5 36. Kh2 Bd7 37. h4 Qf5 38.
Kg1 Be6 39. Re3 Qh3 40. Rxf3 exf3 0-1

[Event "Late-Titled-Tuesday-Blitz-October-24-2023"]
[Site "Chess.com"]
[Date "2023.10.24"]
[Round "4"]
[White "oskariot"]
[Black "ChuckPhil"]
[Result "0-1"]
[WhiteElo "2651"]
[BlackElo "2544"]
[TimeControl "180+1"]
[EndTime "14:39:35 PDT"]
[Termination "ChuckPhil won by checkmate"]

1. e4 c6 2. d4 d5 3. e5 c5 4.
dxc5 e6 5. Be3 Nd7 6. Bb5 Ne7 7. c3 Nf5 8. Bd4 Qc7 9. Bxd7+ Bxd7 10. b4 b6 11.
cxb6 axb6 12. Ne2 Ba4 13. Qd2 Be7 14. O-O O-O 15. Ng3 Nxd4 16. Qxd4 f6 17. Re1 Rae8 18. f4 fxe5 19. fxe5 Bg5 20. Nd2 Rf4 21. Qd3 Rc8 22. Nf3 Be7 23. Nd4 Bd7 24. Rac1 Rff8 25. Nge2 Qxe5 26. g3 Qd6 27. Nf4 e5 28. Qe2 Bf6 29. Nh5 exd4 30. Nxf6+ Qxf6 31. cxd4 Rxc1 32. Rxc1 Qxd4+ 33. Kg2 Bg4 34. Qc2 Bf3+ 35. Kh3 Qg4# 0-1

[Event "Late-Titled-Tuesday-Blitz-October-24-2023"]
[Site "Chess.com"]
[Date "2023.10.24"]
[Round "4"]
[White "aghasiyevkamal"]
[Black "baag"]
[Result "0-1"]
[WhiteElo "2598"]
[BlackElo "2854"]
[TimeControl "180+1"]
[EndTime "14:39:37 PDT"]
[Termination "baag won by resignation"]

1. d4 Nf6 2. c4 e6 3. Nf3 a6 4. g3 b5 5. Bg2 Bb7 6. Nbd2 Be7 7. O-O bxc4 8. Nxc4 O-O 9. Bf4 a5 10. Rc1 d6 11. Qb3 Bd5 12. Qd3 Nc6 13. a3 a4 14.
Ncd2 Na5 15. Rc3 Bb7 16. Qc2 Nd5 17. Qxa4 Nxc3 18. bxc3 Bc6 19. Qc2 Qd7 20. c4 Rfb8 21. Qc3 Bf6 22. e4 Ba4 23. e5 Be7 24. Ng5 h6 25. Nge4 Nb3 26. exd6 cxd6 27. Qe3 Nxd2 28. Nxd2 Bc6 29. d5 exd5 30. cxd5 Bb7 31. Re1 Bf8 32. Ne4 Re8 33. Bxh6 f5 34. Bh3 Bxd5 35. f3 Qf7 0-1

[Event "Late-Titled-Tuesday-Blitz-October-24-2023"]
[Site "Chess.com"]
[Date "2023.10.24"]
[Round "4"]
[White "whitemirrorninja"]
[Black "Eternauta2400"]
[Result "0-1"]
[WhiteElo "2561"]
[BlackElo "2734"]
[TimeControl "180+1"]
[EndTime "14:39:37 PDT"]
[Termination "Eternauta2400 won on time"]

1. d4 Nf6 2. Nc3 d5 3. Bf4 c5 4. e3 cxd4 5. exd4 Bg4 6. Qd2 Nc6 7. h3 Bf5 8. g4 Be4 9. f3 Bg6 10. h4 h6 11. Bb5 e6 12. Nge2 Be7 13. O-O-O Rc8 14. Be5 Qa5 15. g5 Nh5 16. gxh6 Rxh6 17.
Bxg7 Rh7 18. Be5 a6 19. Bxc6+ Rxc6 20. Kb1 b5 21. Nc1 b4 22. Nb3 Qd8 23. Na4 Rxc2 24. Qxc2 Bxc2+ 25. Kxc2 f6 26. Bh2 Rg7 27. Rhg1 Kf7 28.
Nac5 Bd6 29. Bxd6 Qxd6 30. Kb1 Rxg1 31. Rxg1 Qh2 32. Re1 Nf4 33. Rc1 Ne2 34. Re1 Qf2 35.
Nd3 Qxf3 36. Nbc5 Nxd4 37. Nxb4 Qf5+ 38. Ncd3 a5 39. Rd1 axb4 40. a4 bxa3 41. bxa3 Qf3 42. Kc1 Qe2 0-1

[Event "Late-Titled-Tuesday-Blitz-October-24-2023"]
[Site "Chess.com"]
[Date "2023.10.24"]
[Round "4"]
[White "APOKALIPSA13"]
[Black "steepedgames"]
[Result "1/2-1/2"]
[WhiteElo "2225"]
[BlackElo "2440"]
[TimeControl "180+1"]
[EndTime "14:39:37 PDT"]
[Termination "Game drawn by repetition"]

1. e4 e6 2. d4 d5 3. Nc3 Nf6 4. Bg5 Bb4 5. e5 h6 6. Bh4 g5 7. exf6 gxh4 8. Qf3 Nd7 9. O-O-O Qxf6 10. Qe3 Bxc3 11. Qxc3 c5 12. Bb5 cxd4 13. Rxd4 a6 14. Ba4 b5 15. Bb3 Bb7 16. Nf3 h3 17. gxh3 Rc8 18.
Qe3 Kd8 19. Rg1 Rc7 20. Rf4 Qe7 21. Ne5 Rf8 22. Rg7 Nxe5 23. Qxe5 f6 24. Rxf6 Qxg7 25. Qd6+ Ke8 26. Rxf8+ Qxf8 27. Qxc7 Qxf2 28. Qb8+ Ke7 29. Qxb7+ Kf6 30. c3 Qe1+ 31. Bd1 Qe3+ 32. Kc2 Qe4+ 33. Kc1 Qf4+ 34. Kc2 Qe4+ 35. Kc1 Qe3+ 36. Kb1 Qd3+ 37.
Kc1 Qe3+ 1/2-1/2

[Event "Late-Titled-Tuesday-Blitz-October-24-2023"]
[Site "Chess.com"]
[Date "2023.10.24"]
[Round "4"]
[White "balachess2006"]
[Black "GMKrikor"]
[Result "1/2-1/2"]
[WhiteElo "2578"]
[BlackElo "2822"]
[TimeControl "180+1"]
[EndTime "14:39:39 PDT"]
[Termination "Game drawn by repetition"]

1. c4 c5 2. Nf3 Nc6 3. e3 e5 4. Nc3 Nf6 5. d4 e4 6. d5 exf3 7. dxc6 dxc6 8. Qxd8+ Kxd8 9. gxf3 g6 10. b3 Bg7 11. Bb2 b6 12. Ne4 Nh5 13. O-O-O+ Ke7 14. Be2 Bxb2+ 15. Kxb2 Bf5 16. Ng3 Ng7 17. f4 Rad8 18.
Bf3 Rxd1 19. Rxd1 Bd7 20. Kc3 a5 21. Rd2 h5 22. Ne4 Rc8 23. Nd6 Rc7 24. Ne4 Nf5 25.
Bh1 Nh6 26. Bf3 Bg4 27. Bh1 Bf5 28. Ng3 h4 29. Nxf5+ Nxf5 30. Bg2 Nd6 31. h3 f5 32. Bf3 Rc8 33. Rd1 Nf7 34. Rg1 Kf6 35. Rd1 Rc7 36.
Bg2 Ke6 37. Rd2 Ke7 38. Rd1 Nd8 39. Bf3 Ne6 40. Rg1 Kf6 41. Rd1 Ke7 42. Rg1 Nf8 43.
Rd1 Rd7 44. Rg1 Rd6 45. Kc2 Kf6 46. Rd1 Ke7 47. Rg1 Nh7 48. Bg2 Nf6 49. Bf3 Ne8 50. Rd1 Rxd1 51. Kxd1 Kd6 52. Ke2 Ng7 53. Bg2 Ne6 54.
Kd3 Kc7 55. Bh1 Kd6 56. Bg2 Nf8 57. Bh1 Ne6 58. Bg2 1/2-1/2

[Event "Late-Titled-Tuesday-Blitz-October-24-2023"]
[Site "Chess.com"]
[Date "2023.10.24"]
[Round "4"]
[White "C_K_G"]
[Black "mjelcic"]
[Result "0-1"]
[WhiteElo "1923"]
[BlackElo "2154"]
[TimeControl "180+1"]
[EndTime "14:39:39 PDT"]
[Termination "mjelcic won on time"]

1. e4 g6 2. Nf3 Bg7 3. d4 a6 4. c4 d6 5. h3 e5 6. d5 Nf6 7. Nc3 O-O 8. Be2 Nbd7 9. Be3 a5 10. O-O Nc5 11. Qc2 b6 12. b3 Nh5 13. a3 Nf4 14. b4 Nd7 15. Nb5 f5 16. Bxf4 exf4 17. Rad1 Ne5 18. c5 axb4 19. axb4 bxc5 20. bxc5 fxe4 21.
Nxe5 Bxe5 22. Qxe4 Bf5 23. Qc4 Qg5 24. Kh1 Qh4 25.
Qb3 Be4 26. Bf3 Bf5 27. Nxc7 Rab8 28. Qa3 Bxh3 29. gxh3 Qxh3+ 30. Kg1 Rf5 31. Ne6 Rh5 32. Rfe1 Re8 33. cxd6 Rxe6 34. dxe6 Rg5+ 0-1

[Event "Late-Titled-Tuesday-Blitz-October-24-2023"]
[Site "Chess.com"]
[Date "2023.10.24"]
[Round "4"]
[White "expii"]
[Black "PNEPaul"]
[Result "1-0"]
[WhiteElo "2235"]
[BlackElo "1855"]
[TimeControl "180+1"]
[EndTime "14:39:39 PDT"]
[Termination "expii won on time"]

1. e4 e5 2. Nf3 Nc6 3. Bb5 f5 4. d3 Nf6 5. O-O Be7 6. Nc3 O-O 7. Bc4+ Kh8 8. Bg5 d6 9. Bxf6 Bxf6 10. Nd5 f4 11. h3 h6 12. Nxf6 Qxf6 13. Nh2 g5 14.
Qh5 Nd4 15. c3 Nc6 16. Ng4 Bxg4 17. hxg4 Na5 18. f3 Nxc4 19. dxc4 Kg7 20. b3 Qg6 21. Qxg6+ Kxg6 22. Kf2 Rf7 23. Rh1 Rh8 24. Rh5 c6 25. Rd1 Rd7 26. Rd3 Rhh7 27. Rh1 h5 28. gxh5+ Rxh5 29. Rhd1 d5 30. cxd5 c5 31. c4 g4 32.
Rg1 g3+ 33. Ke2 Rh2 34. Rdd1 Rd6 35. Kf1 b6 36. Rd2 Kg5 37. Ke1 a6 38. Kd1 Kh4 39.
Kc2 Kg5 40. Rb1 Kh4 41. b4 1-0

[Event "Late-Titled-Tuesday-Blitz-October-24-2023"]
[Site "Chess.com"]
[Date "2023.10.24"]
[Round "4"]
[White "Likvidator228"]
[Black "Witik"]
[Result "0-1"]
[WhiteElo "2590"]
[BlackElo "2797"]
[TimeControl "180+1"]
[EndTime "14:39:40 PDT"]
[Termination "Witik won on time"]

1. d4 Nf6 2. c4 g6 3. Nc3 Bg7 4. e4 d6 5. f3 O-O 6. Be3 c5 7. Nge2 Nc6 8. Qd2 Qa5 9. d5 Ne5 10. b3 a6 11. h3 b5 12. f4 b4 13. fxe5 bxc3 14. Qxc3 Qxc3+ 15. Nxc3 Nd7 16. O-O-O Nxe5 17. Kc2 f5 18. Be2 f4 19. Bd2 f3 20. gxf3 Nxf3 21.
Bxf3 Rxf3 22. h4 Bg4 23. Rdf1 Raf8 24. Rxf3 Rxf3 25. Rg1 h5 26. Nd1 Bd4 27. Rh1 Rg3 28. Bg5 Rg2+ 29. Kb1 Bf3 30. Re1 Rxg5 31. hxg5 h4 32.
Kc2 h3 33. Nc3 h2 34. Kd3 Bxc3 35. Kxc3 h1=Q 36. Rxh1 Bxh1 37. Kd3 Kf7 38. Ke3 a5 0-1

[Event "Late-Titled-Tuesday-Blitz-October-24-2023"]
[Site "Chess.com"]
[Date "2023.10.24"]
[Round "4"]
[White "JackRodgers"]
[Black "PapaieDudu"]
[Result "1-0"]
[WhiteElo "2514"]
[BlackElo "2336"]
[TimeControl "180+1"]
[EndTime "14:39:40 PDT"]
[Termination "JackRodgers won by resignation"]

1. d4 d5 2. Bg5 h6 3. Bh4 Bf5 4. e3 Nd7 5. c4 c6 6. cxd5 cxd5 7. Nc3 Ngf6 8. Bxf6 Nxf6 9. Bb5+ Bd7 10. Qb3 e6 11.
Nf3 a6 12. Bxd7+ Qxd7 13. Ne5 Qc8 14. O-O Bd6 15. f4 O-O 16. Rac1 Qd8 17. Qxb7 Rb8 18. Qxa6 Rxb2 19. Rf2 Qb8 20. Nc6 Qb6 21. Qxb6 Rxb6 22. Ne5 Rc8 23. Rfc2 Ba3 24. Na4 Rxc2 25. Rxc2 Rb1+ 26.
Kf2 Ne4+ 27. Ke2 Rg1 28. Kf3 Rf1+ 29. Kg4 f5+ 30. Kh5 Kh7 31. Nc5 Rh1 32. h3 Bc1 33. Nxe4 fxe4 34. Ng6 e5 35. Rc8 1-0

[Event "Late-Titled-Tuesday-Blitz-October-24-2023"]
[Site "Chess.com"]
[Date "2023.10.24"]
[Round "4"]
[White "ItalianMachine"]
[Black "yuki_chess123"]
[Result "1-0"]
[WhiteElo "2423"]
[BlackElo "2122"]
[TimeControl "180+1"]
[EndTime "14:39:40 PDT"]
[Termination "ItalianMachine won on time"]

1. d4 Nf6 2. c4 e6 3. Nc3 d5 4. Nf3 Be7 5. cxd5 exd5 6. Bg5 O-O 7. e3 Nbd7 8. Bd3 Re8 9. O-O Nf8 10. Qc2 Ng6 11. Rab1 a5 12. a3 c6 13. b4 axb4 14.
axb4 b5 15. Ne5 Bb7 16. Ne2 Ra6 17. Rfc1 Nd7 18. Bf4 Ndxe5 19. Bxe5 Ra4 20. Bg3 Bxb4 21. Qd1 Ba3 22. Rc2 Bd6 23. Nc3 Ra8 24. Qh5 Bxg3 25. hxg3 Qd6 26. Ne2 Ra3 27. Nc1 Nf8 28. Nb3 g6 29. Qh6 Ne6 30. g4 Rea8 31. g3 Qb4 32. Nd2 Ra1 33. Rxa1 Rxa1+ 34. Kg2 Ra3 35. Be2 Rc3 36. Ra2 1-0

[Event "Late-Titled-Tuesday-Blitz-October-24-2023"]
[Site "Chess.com"]
[Date "2023.10.24"]
[Round "4"]
[White "Cayse"]
[Black "hblanco"]
[Result "1-0"]
[WhiteElo "2878"]
[BlackElo "2741"]
[TimeControl "180+1"]
[EndTime "14:39:41 PDT"]
[Termination "Cayse won on time"]

1. e4 e5 2. Nf3 Nc6 3. Nc3 Nf6 4. a4 Be7 5. Bb5 O-O 6. O-O d6 7. Bxc6 bxc6 8. d4 exd4 9. Nxd4 Bd7 10. Qf3 Rb8 11. h3 c5 12. Nf5 Bxf5 13. Qxf5 Nd7 14. Ra3 Bf6 15. Nd5 Bxb2 16. Rg3 Be5 17. f4 Bd4+ 18. Kh2 g6 19. e5 c6 20. Qxd7 cxd5 21.
Qxd8 Rfxd8 22. c3 Bxe5 23. fxe5 dxe5 24. Bg5 Rd6 25. Be7 Rc6 26. Rg5 Re6 27. Bxc5 Rc8 28. Bxa7 Rxc3 29. a5 d4 30. Rg3 d3 31. Ra1 e4 32. Bb6 Rb3 33. Re3 f5 34. Kg1 f4 35.
a6 1-0

[Event "Late-Titled-Tuesday-Blitz-October-24-2023"]
[Site "Chess.com"]
[Date "2023.10.24"]
[Round "4"]
[White "twitchTriniCupid"]
[Black "Elbebiber"]
[Result "1-0"]
[WhiteElo "2341"]
[BlackElo "2137"]
[TimeControl "180+1"]
[EndTime "14:39:41 PDT"]
[Termination "twitchTriniCupid won on time"]

1. g3 d5 2. Bg2 c6 3. d4 Bf5 4. c3 e6 5. Nd2 Nf6 6. f3 Bg6 7. e4 Be7 8. Ne2 O-O 9. O-O Nbd7 10. a4 h6 11. a5 Qc7 12. Nf4 Bh7 13. Qe2 dxe4 14.
Nxe4 Nxe4 15. fxe4 e5 16. Nh5 Bg6 17. g4 Nf6 18.
Ng3 Rfe8 19. Nf5 Bf8 20. h4 Rad8 21. h5 Bh7 22. dxe5 Qxe5 23. Bf4 Qe6 24. g5 hxg5 25. Bxg5 Bxf5 26. Bxf6 Qxf6 27. Qc4 Be6 28. Qa4 Qe5 29. Rf3 a6 30. Raf1 f6 31. h6 1-0

[Event "Late-Titled-Tuesday-Blitz-October-24-2023"]
[Site "Chess.com"]
[Date "2023.10.24"]
[Round "4"]
[White "jup1978"]
[Black "mind1mover"]
[Result "1-0"]
[WhiteElo "2501"]
[BlackElo "2794"]
[TimeControl "180+1"]
[EndTime "14:39:42 PDT"]
[Termination "jup1978 won by checkmate"]

1. d4 d5 2. c4 dxc4 3. Nf3 a6 4.
e3 Bg4 5. Bxc4 e6 6. O-O Nc6 7. b3 Nf6 8. Bb2 Bd6 9. h3 Bh5 10. Be2 Qe7 11. Nfd2 Bg6 12. Nc4 O-O 13. Bd3 Bh5 14.
Be2 Bg6 15. Bd3 Rad8 16. Bxg6 hxg6 17. Nxd6 cxd6 18. Nd2 Nd5 19. Qe2 f5 20. Nc4 b5 21.
Nd2 g5 22. Rac1 Rc8 23. e4 Nf4 24. Qe3 fxe4 25. Nxe4 Nb4 26. a3 Nbd5 27. Qd2 Rfd8 28. Rxc8 Rxc8 29. Rc1 Rd8 30. a4 b4 31. Re1 Qf7 32.
Nxg5 Qg6 33. h4 Rc8 34. Bc1 Rc2 35. Qd1 Nc3 36. Qf3 Nfd5 37. Rxe6 Rxc1+ 38. Kh2 Qf6 39. Re8+ Qf8 40. Rxf8# 1-0

[Event "Late-Titled-Tuesday-Blitz-October-24-2023"]
[Site "Chess.com"]
[Date "2023.10.24"]
[Round "4"]
[White "Inepton_Fermion"]
[Black "dosto07"]
[Result "0-1"]
[WhiteElo "2358"]
[BlackElo "2522"]
[TimeControl "180+1"]
[EndTime "14:39:42 PDT"]
[Termination "dosto07 won on time"]

1. Nf3 d5 2. b3 Nf6 3. Bb2 Bg4 4.
d3 Nbd7 5. Nbd2 e6 6. h3 Bh5 7.
e4 dxe4 8. dxe4 Bb4 9. Be2 O-O 10.
O-O Bg6 11. Nh4 Bxd2 12. Nxg6 hxg6 13. Qxd2 Nxe4 14. Qb4 Nd6 15. Bf3 a5 16. Qc3 Qf6 17.
Qxc7 Qxb2 18. Qxd6 Rad8 19. c4 Ne5 20. Qb6 Nxf3+ 21.
gxf3 Rd2 22. Rad1 Qxa2 23. Rxd2 Qxd2 24. Qxb7 Rd8 25. Qe4 Rd4 26. Qe5 Qc3 27. Qb8+ Kh7 28. Kg2 Rd3 29. Qf4 Qxb3 30. Qh4+ Kg8 31. Qf4 Qb7 32. Rc1 e5 33. Qg3 e4 34. fxe4 Rxg3+ 0-1

[Event "Late-Titled-Tuesday-Blitz-October-24-2023"]
[Site "Chess.com"]
[Date "2023.10.24"]
[Round "4"]
[White "falzehope0"]
[Black "Langua_Chess"]
[Result "0-1"]
[WhiteElo "2309"]
[BlackElo "2503"]
[TimeControl "180+1"]
[EndTime "14:39:42 PDT"]
[Termination "Langua_Chess won on time"]

1. d4 d5 2. e3 Bf5 3. c4 e6 4. Qb3 Nd7 5. cxd5 exd5 6. Qxd5 Bxb1 7. Rxb1 Bb4+ 8. Bd2 Bxd2+ 9. Kxd2 Ngf6 10. Qxb7 O-O 11. Nf3 Nc5 12. Qc6 Nce4+ 13. Ke1 Rb8 14. Bd3 Rb6 15. Qc2 Qe7 16. Ne5 Nd6 17. Ke2 g6 18.
Rhc1 Nd5 19. a3 Qh4 20. h3 Re8 21. Kf1 Qf6 22. Nf3 Rxe3 23. Bc4 Nxc4 24. Qxc4 Rxf3 25. Qxd5 Rxf2+ 26. Kg1 Rfxb2 27. Ra1 Rd6 28. Qa8+ Kg7 29. Rxc7 Qxd4+ 30. Kh1 Rxg2 31. Rac1 Rf2 32. Rc8 Qd5+ 0-1

[Event "Late-Titled-Tuesday-Blitz-October-24-2023"]
[Site "Chess.com"]
[Date "2023.10.24"]
[Round "4"]
[White "Mbneu"]
[Black "iJueles"]
[Result "0-1"]
[WhiteElo "2253"]
[BlackElo "2468"]
[TimeControl "180+1"]
[EndTime "14:39:44 PDT"]
[Termination "iJueles won by resignation"]

1. d4 Nf6 2. c4 e6 3. Nc3 Bb4 4. Bg5 c5 5. d5 Bxc3+ 6. bxc3 h6 7. Bh4 d6 8. e3 e5 9. Be2 b6 10. Nf3 g5 11. Bg3 Ne4 12. Qc1 Bf5 13. Nd2 Nd7 14. Nxe4 Bxe4 15. O-O h5 16. f4 h4 17. Be1 gxf4 18. exf4 Rg8 19. Bf3 Bd3 20. Rf2 e4 21. Be2 Bxe2 22. Rxe2 f5 23. Re3 Qf6 24. Rh3 Rg4 25.
Qe3 O-O-O 26. a4 Rdg8 27. g3 a5 28. Ra2 Qh6 29. Rg2 Ne5 30. Rb2 Kc7 31. Kh1 Nxc4 32.
Qe2 Nxb2 33. Qxb2 Qxf4 34. Bf2 Qf3+ 35. Kg1 e3 36. Be1 e2 37. Bf2 hxg3 38. hxg3 f4 39. Qb5 Rxg3+ 40. Bxg3 Rxg3+ 41. Rxg3 Qxg3+ 0-1

[Event "Late-Titled-Tuesday-Blitz-October-24-2023"]
[Site "Chess.com"]
[Date "2023.10.24"]
[Round "4"]
[White "nitpicker"]
[Black "taleslascando"]
[Result "1-0"]
[WhiteElo "2251"]
[BlackElo "1990"]
[TimeControl "180+1"]
[EndTime "14:39:44 PDT"]
[Termination "nitpicker won by resignation"]

1. d4 Nf6 2. c4 e6 3. g3 d5 4. Nf3 dxc4 5. Bg2 Nc6 6. Qa4 Bb4+ 7. Bd2 Qe7 8. Ne5 Bxd2+ 9. Nxd2 O-O 10. Nxc6 bxc6 11.
Nxc4 Rb8 12. a3 c5 13. Qxa7 Bd7 14. Qxc5 Qxc5 15. dxc5 Bb5 16. Ne5 Rfd8 17. b4 Nd5 18.
Bf3 f6 19. Nd3 Nc3 20. Kd2 Na4 21. Rhc1 e5 22. g4 Rd4 23. Rd1 e4 24. Ke3 Rxd3+ 25.
exd3 exf3 26. Kxf3 Nb2 27. Rd2 Nxd3 28. Rad1 Ne5+ 29. Kg3 Ba4 30. Rd8+ Rxd8 31. Rxd8+ Kf7 32. Ra8 Bd7 33. Ra7 c6 34. f4 1-0

[Event "Late-Titled-Tuesday-Blitz-October-24-2023"]
[Site "Chess.com"]
[Date "2023.10.24"]
[Round "4"]
[White "dennisodessa"]
[Black "dianamirza"]
[Result "1-0"]
[WhiteElo "2548"]
[BlackElo "2005"]
[TimeControl "180+1"]
[EndTime "14:39:48 PDT"]
[Termination "dennisodessa won on time"]

1. c4 c5 2. g3 Nc6 3. Bg2 g6 4. Nf3 Bg7 5. O-O e6 6. e3 Nge7 7. d4 O-O 8. Nc3 cxd4 9. Nxd4 a6 10.
Nde2 Qc7 11. b3 Rb8 12. Bb2 b5 13. c5 b4 14. Na4 Bxb2 15. Nxb2 Bb7 16. Rc1 a5 17.
Nc4 Nf5 18. e4 Ng7 19. f4 e5 20. Nd6 Ba6 21. f5 f6 22. Rf2 Nd8 23. g4 Nc6 24. Qd5+ Kh8 25. Nf7+ Rxf7 26. Qxf7 g5 27. Bf1 Qd8 28. Rd1 Bxe2 29. Rxd7 Qf8 30. Bxe2 Nd4 31.
Qxf8+ Rxf8 32. Bc4 h5 33. h3 h4 34. Ra7 Nc6 35.
Ra6 Rc8 36. Kg2 Ne8 37. Bb5 Nd4 38. Bxe8 Rxe8 39. Rxa5 Rc8 40. Rd2 Kg8 41. Kf2 Kf7 42. Ra7+ Ke8 43. Ra5 Kd7 44. Ke3 Kc6 45. Rxd4 exd4+ 46. Kxd4 Rd8+ 47. Kc4 Rd2 48. Ra6+ Kb7 49. Rxf6 Rxa2 50.
Rg6 1-0

[Event "Late-Titled-Tuesday-Blitz-October-24-2023"]
[Site "Chess.com"]
[Date "2023.10.24"]
[Round "4"]
[White "dropstoneDP"]
[Black "Malev212"]
[Result "1-0"]
[WhiteElo "3095"]
[BlackElo "2651"]
[TimeControl "180+1"]
[EndTime "14:39:50 PDT"]
[Termination "dropstoneDP won on time"]

1. e4 c5 2. Nf3 d6 3. d4 cxd4 4.
Nxd4 Nf6 5. Nc3 a6 6. f3 e5 7. Nb3 Be7 8. Be3 O-O 9. Qd2 Be6 10.
O-O-O Qc7 11. g4 Rc8 12. Kb1 Nbd7 13. g5 Nh5 14. Rg1 Nb6 15. Na5 Nd7 16. Nd5 Bxd5 17.
exd5 g6 18. c4 Bf8 19. Bh3 Re8 20. Bg4 Nf4 21. h4 Bg7 22. Rh1 b5 23. h5 bxc4 24.
Nc6 Rac8 25. h6 Bf8 26. Rc1 Qb7 27. Rxc4 Rc7 28. Rb4 Qa8 29. Rc1 Nc5 30. Bxf4 exf4 31. Rxf4 Rxc6 32. dxc6 Qxc6 33. Rf6 Qb5 34. Qd5 Re7 35.
a3 Qb6 36. Rxc5 Qxc5 37. Qxc5 dxc5 38. Rxa6 Re5 39. f4 Re4 40. a4 Rxf4 41. Be2 Rf5 42. a5 Rxg5 43. Ra8 1-0

[Event "Late-Titled-Tuesday-Blitz-October-24-2023"]
[Site "Chess.com"]
[Date "2023.10.24"]
[Round "4"]
[White "Hirna2005"]
[Black "scandalgod"]
[Result "0-1"]
[WhiteElo "2324"]
[BlackElo "2512"]
[TimeControl "180+1"]
[EndTime "14:39:53 PDT"]
[Termination "scandalgod won by resignation"]

1. e4 e5 2. Nf3 Nc6 3. Bc4 Nf6 4. d4 exd4 5. e5 d5 6. Bb5 Ne4 7. Nxd4 Bc5 8. Be3 O-O 9. Bxc6 bxc6 10. O-O Bd7 11.
Nd2 Nxd2 12. Qxd2 Qe7 13. Rfe1 Qxe5 14. Nxc6 Bxe3 15. Rxe3 Qxb2 16. Ne7+ Kh8 17. Rae1 c6 18. Qd3 Qxa2 19. f4 Rab8 20. f5 Rb1 21. Rxb1 Qxb1+ 22. Kf2 Qb6 23. g4 Re8 24. Kg2 f6 25. Qe2 Qd8 26. h4 d4 27. Re4 c5 28. Kg1 Qa8 29. g5 Bxf5 30. Rf4 Bg6 31. gxf6 gxf6 32. Rxf6 Qb8 33. Nxg6+ hxg6 34. Qf2 Qe5 35. Rxg6 Qe1+ 36. Kg2 Re2 37. Rh6+ Kg7 0-1

[Event "Late-Titled-Tuesday-Blitz-October-24-2023"]
[Site "Chess.com"]
[Date "2023.10.24"]
[Round "4"]
[White "esskeettit"]
[Black "matagordo"]
[Result "1-0"]
[WhiteElo "2493"]
[BlackElo "2283"]
[TimeControl "180+1"]
[EndTime "14:39:54 PDT"]
[Termination "esskeettit won on time"]

1. d4 e6 2. c4 Nf6 3. Nc3 Bb4 4. Qc2 d5 5. cxd5 exd5 6. Bg5 O-O 7. e3 h6 8. Bh4 c6 9. Bd3 Nbd7 10. Ne2 Re8 11.
O-O Be7 12. f3 Nf8 13. Kh1 Ne6 14. Bf2 Bf8 15. e4 b5 16. e5 Nd7 17. f4 b4 18.
Na4 c5 19. Nxc5 Nexc5 20. dxc5 Qa5 21. Rfc1 Ba6 22. c6 Bxd3 23. Qxd3 Nb6 24. Nd4 Nc4 25. b3 Na3 26. c7 Rac8 27. Nc6 Qxc7 28. Be3 Qd7 29.
Nxa7 Rxc1+ 30. Rxc1 Ra8 31. h3 Rxa7 32. Bxa7 Qxa7 33.
Qxd5 Qe3 34. Rc8 Qf2 35. Rxf8+ Kh7 36. Qe4+ g6 37. Rxf7+ Kg8 38. Rb7 Qf1+ 39. Kh2 Nc2 40. Qxg6+ 1-0

[Event "Late-Titled-Tuesday-Blitz-October-24-2023"]
[Site "Chess.com"]
[Date "2023.10.24"]
[Round "4"]
[White "MajorCoast"]
[Black "pasteta13"]
[Result "1-0"]
[WhiteElo "2270"]
[BlackElo "2441"]
[TimeControl "180+1"]
[EndTime "14:39:54 PDT"]
[Termination "MajorCoast won on time"]

1. d4 Nf6 2. Nf3 e6 3. Bf4 d5 4. e3 Bd6 5. Bg3 Ne4 6. Nbd2 f5 7. c4 c5 8. Nxe4 fxe4 9. Bxd6 Qxd6 10. Ne5 cxd4 11.
Qh5+ g6 12. Nxg6 Qb4+ 13. Kd1 dxe3 14. Nxh8+ Kd8 15. Qg5+ Kd7 16. Qg7+ Ke8 17. Qf7+ Kd8 18. Qf6+ Ke8 19. fxe3 d4 20. Qf7+ Kd8 21. Qf6+ Ke8 22. Qxd4 Bd7 23. Be2 Ba4+ 24. b3 Nc6 25. Bh5+ Ke7 26.
Qg7+ Kd6 27. Nf7+ Kc5 28. Qg5+ e5 29. Nxe5 Rd8+ 30. Nd7+ Kd6 31. Qd5+ Kc7 32. Bg4 Qc3 33. Rc1 Qxe3 34. Re1 Qf4 35. Qxe4 Qd6+ 36. Ke2 1-0

[Event "Late-Titled-Tuesday-Blitz-October-24-2023"]
[Site "Chess.com"]
[Date "2023.10.24"]
[Round "4"]
[White "Byniolus"]
[Black "bipe137"]
[Result "1-0"]
[WhiteElo "2802"]
[BlackElo "2591"]
[TimeControl "180+1"]
[EndTime "14:39:55 PDT"]
[Termination "Byniolus won on time"]

1. d4 d5 2. Bf4 Nf6 3. e3 c5 4. c3 Nc6 5. Nd2 cxd4 6. cxd4 Bg4 7. Ngf3 Bxf3 8. Nxf3 e5 9. Nxe5 Bb4+ 10. Ke2 Qb6 11.
Nd3 O-O 12. f3 Rfe8 13. Kf2 Nh5 14. Be5 f6 15. Bg3 Rac8 16. Qb3 Bd2 17. Qxd5+ Kh8 18.
Be2 Bxe3+ 19. Kf1 Nxd4 20. Re1 Nc2 21. Qxh5 g6 22. Qh4 Bg1 23. Bf2 Bxf2 24. Qxf2 Qe6 25. g3 Ne3+ 26. Kg1 Qxa2 27. h4 Rc2 28. Nf4 Nf5 29.
Rh2 Qxb2 30. Bf1 Rxf2 31. Rxe8+ Kg7 32. Rxf2 Qd4 33. Rc8 Nxg3 34. Ne6+ Kh6 35. Nxd4 Ne2+ 36. Bxe2 1-0

[Event "Late-Titled-Tuesday-Blitz-October-24-2023"]
[Site "Chess.com"]
[Date "2023.10.24"]
[Round "4"]
[White "Makswolf200817"]
[Black "IMSlavin"]
[Result "1-0"]
[WhiteElo "2621"]
[BlackElo "2233"]
[TimeControl "180+1"]
[EndTime "14:39:57 PDT"]
[Termination "Makswolf200817 won on time"]

1. e4 Nc6 2. Nf3 d6 3. d4 Nf6 4. Nc3 Bg4 5. Be3 a6 6. h3 Bh5 7. Qe2 e5 8. O-O-O Qc8 9. g4 Bg6 10. d5 Nb8 11. Bg5 Be7 12. Nh4 Nxd5 13. Bxe7 Nxe7 14.
Bg2 Nbc6 15. Qe3 O-O 16. Nd5 Nxd5 17. exd5 Nb8 18. Nf3 h6 19. Rhg1 Nd7 20. Bf1 Nc5 21. Nxe5 Re8 22. f4 dxe5 23. Qxc5 e4 24. f5 Bh7 25.
Rg3 Kh8 26. Re3 f6 27. Rde1 Bg8 28. Rxe4 Rxe4 29. Rxe4 Qd7 30. Re7 Qxd5 31. Qxd5 Bxd5 32. Rxc7 Re8 33. Kd2 h5 34. gxh5 Re5 35. Bd3 Kh7 36.
Rc8 Bc6 37. h4 Bf3 38. h6 gxh6 39. Rc7+ Kh8 40. Rf7 1-0

[Event "Late-Titled-Tuesday-Blitz-October-24-2023"]
[Site "Chess.com"]
[Date "2023.10.24"]
[Round "4"]
[White "pedromartinez91"]
[Black "GMJustin"]
[Result "1-0"]
[WhiteElo "2627"]
[BlackElo "2273"]
[TimeControl "180+1"]
[EndTime "14:39:59 PDT"]
[Termination "pedromartinez91 won on time"]

1. d4 Nf6 2. c4 e6 3. Nc3 d5 4. cxd5 exd5 5. Bg5 Nbd7 6. e3 Be7 7. Bd3 a6 8. Nf3 O-O 9. O-O Re8 10. h3 Nf8 11. Qc2 Be6 12. Rfd1 Ng6 13. Rac1 c6 14.
Na4 Ne4 15. Bxe7 Qxe7 16. Bxe4 dxe4 17. Qxe4 Bxa2 18. Qxe7 Rxe7 19. Nb6 Rd8 20. Nd2 Be6 21. Rc5 f5 22. g3 Nf8 23. Ndc4 Bxc4 24. Nxc4 g6 25.
Nb6 Nd7 26. Nxd7 Rdxd7 27. h4 Kf7 28. Ra1 Kf6 29. Kg2 Re6 30. Kf3 Re4 31. Raa5 Re6 32. Re5 Rxe5 33. Rxe5 Rd5 34. Re8 Rb5 35. g4 fxg4+ 36.
Kxg4 Rxb2 37. f4 a5 38. e4 a4 39. e5+ Kf7 40. Ra8 b5 41. Ra7+ Ke6 42. Rc7 a3 43. Rxc6+ Kd7 44. Rd6+ Ke7 45. Ra6 b4 46. d5 a2 47.
Ra7+ Kd8 48. d6 Re2 49. Ra8+ Kd7 50. Ra7+ Ke6 51. Re7+ Kd5 52. d7 1-0